 Dungeon Crawl Stone Soup version 0.30-a0-691-g754fce4c43 (webtiles) character file.

Game seed: 8539524046224424318

128 Caestello the Shield-Bearer (level 5, -9/42 HPs)
             Began as a Formicid Fighter on Jan 19, 2023.
             Mangled by an ice beast (13 damage)
             ... on level 2 of the Dungeon.
             The game lasted 00:04:10 (2288 turns).

Caestello the Shield-Bearer (Formicid Fighter)      Turns: 2288, Time: 00:04:10

Health: -9/42      AC:  8    Str: 23    XL:     5   Next: 33%
Magic:  5/5        EV:  8    Int:  7    God:
Gold:   136        SH:  9    Dex: 13    Spells: 4/4 levels left

rFire   + . .      SeeInvis +    a - +0 long sword
rCold   . . .      Faith    .    i - +0 kite shield
rNeg    . . .      Spirit   .    b - +0 scale mail
rPois   .          Reflect  .    (helmet unavailable)
rElec   .          Harm     .    h - +0 cloak
rCorr   .          Rampage  .    (no gloves)
Will    .....                    (no boots) Stlth
                                 (no amulet)
HPRegen 0.27/turn                k - ring of protection from fire
MPRegen 0.09/turn                (no ring)

@: no status effects
A: permanent stasis, dig shafts and tunnels, antennae 3, four strong arms
a: Dig, Shaft Self


You were on level 2 of the Dungeon.
You visited 1 branch of the dungeon, and saw 3 of its levels.

You collected 136 gold pieces.

Inventory:

Hand Weapons
 a - a +0 long sword (weapon)
Armour
 b - a +0 scale mail (worn)
 c - a +0 buckler
 h - a +0 cloak (worn)
 i - a +0 kite shield (worn)
Jewellery
 k - a ring of protection from fire (left hand)
Scrolls
 j - a scroll of blinking {unknown}
 l - a scroll of amnesia {unknown}
 m - a scroll of enchant armour {unknown}
Potions
 d - a potion of might
 g - 2 potions of curing


   Skills:
 + Level 3.8 Fighting
 + Level 3.2 Long Blades
 + Level 4.0 Armour
 + Level 0.6 Dodging
 + Level 0.3 Stealth
 + Level 5.1 Shields


You had 4 spell levels left.
You didn't know any spells.
Your spell library was empty.

Dungeon Overview and Level Annotations

Branches:
Dungeon (3/15)

Altars:
The Shining One


Innate Abilities, Weirdness & Mutations

You cannot be hasted, slowed, berserked, paralysed or teleported.
You can dig through walls and to a lower floor.
You have a pair of large antennae on your head. (SInv)
Your four strong arms can wield two-handed weapons with a shield.


Message History

You block the ice beast's attack. x2
You closely miss the ice beast.
The ice beast is heavily wounded.
The ice beast barely misses you.
You hit the ice beast but do no damage.
The ice beast is heavily wounded.
You block the ice beast's attack. The ice beast hits you.
The ice beast freezes you.
You hit the ice beast but do no damage.
The ice beast is heavily wounded.
The ice beast hits you but does no damage.
You barely miss the ice beast.
The ice beast is heavily wounded.
The ice beast hits you but does no damage.
You hit the ice beast.
The ice beast is heavily wounded.
You block the ice beast's attack. The ice beast hits you.
The ice beast freezes you!
* * * LOW HITPOINT WARNING * * *
You barely miss the ice beast.
The ice beast is heavily wounded.
You block the ice beast's attack.
You hit the ice beast.
The ice beast is heavily wounded.
The ice beast barely misses you. x2
You hit the ice beast.
The ice beast is severely wounded.
The ice beast hits you but does no damage.
You slash the ice beast!
The ice beast is almost dead.
The ice beast hits you.
* * * LOW HITPOINT WARNING * * *
The ice beast freezes you!
* * * LOW HITPOINT WARNING * * *
You closely miss the ice beast.
The ice beast is almost dead.
The ice beast closely misses you. The ice beast hits you.
* * * LOW HITPOINT WARNING * * *
The ice beast freezes you!
You die...

#.......#......#...##...#8###8#
#.......###.##...<>.#...#######
#####.#.# #..#................#
#...# ##.#................#
#####.####..................#
#.........................).#
#####.###..........##.#.#####
#..##.##.......##.....# #
#.....##@.......###.#.#
##.#..#Y......#.......###
#########...........#......(....
##...#...#....#........###.......
#..................#####....##...
.........................##....##
.............#........#####..###8
....................#..####.## ##
#.<...........#..>...#......# #


You could see an ice beast.

Vanquished Creatures
  Jessica (D:2)
  An orc wizard (D:2)
  2 adders (D:2)
  A dart slug (D:2)
  2 orcs (D:2)
  6 bats
  An endoplasm (D:2)
  2 giant cockroaches (D:2)
  5 goblins
  7 hobgoblins
  2 jackals (D:1)
  7 kobolds
  3 quokkas
  3 ball pythons (D:1)
  3 frilled lizards
  7 rats
53 creatures vanquished.

Notes
Turn   | Place    | Note
-------+----------+-------------------------------------------
     0 | D:1      | Caestello the Formicid Fighter began the quest for the Orb.
     0 | D:1      | Reached XP level 1. HP: 18/18 MP: 1/1
   129 | D:1      | Reached XP level 2. HP: 24/24 MP: 2/2
   364 | D:1      | Reached XP level 3. HP: 24/27 MP: 3/3
  1634 | D:2      | Reached XP level 4. HP: 35/37 MP: 4/4
  1650 | D:2      | Noticed Jessica
  1670 | D:2      | Killed Jessica
  1671 | D:2      | Reached skill level 5 in Shields
  1671 | D:2      | Reached XP level 5. HP: 15/42 MP: 5/5
  1804 | D:2      | Found a glowing golden altar of the Shining One.
  2264 | D:3      | Noticed an ice beast
  2288 | D:2      | Mangled by an ice beast

Illustrated notes

Levels and vault maps discovered:
D:1:      onia_arrival_pyramid, layout_basic, minmay_misc_feat_diagonals,
          minmay_distorted
D:2:      layout_rooms, basic_altar, serial_corexii_hall,
          corexii_hall_statues_x, chequers_hall_statues_y,
          kennysheep_generic_room_7, uniq_jessica
D:3:      layout_basic, st_stairs_12

Skill      XL: |  1  2  3  4  5 |
---------------+----------------+-----
Long Blades    | 3 |  3.2
Shields        | 5 |  5.1
Armour         | 4 |  4.0
Fighting       | |  3.8
Dodging        | |  0.6
Stealth        | |  0.3

Action                   |  1- 3 |  4- 6 || total
-------------------------+-------+-------++-------
Melee: Long sword        |    87 |    94 ||   181
 Abil: Dig               |     3 |       ||     3
  Use: Scroll            |       |     2 ||     2
Armor: Scale mail        |    44 |    70 ||   114
Dodge: Dodged            |    38 |    46 ||    84
Block: Buckler           |    21 |       ||    21
       Kite shield       |    18 |    55 ||    73

Table legend: (Time is in decaauts)
 A = Elapsed time spent in this place.
 B = Non-inter-level travel time spent in this place.
 C = Inter-level travel time spent in this place.
 D = Time resting spent in this place.
 E = Time spent auto-exploring this place.
 F = Levels seen in this place.
 G = Mean time per level.
                   A        B        C        D        E       F      G
               +--------+--------+--------+--------+--------+-----+--------+
         Total |   2351 |   1999 |    352 |      0 |   1302 |   3 |  783.7 |
       Dungeon |   2351 |   1999 |    352 |      0 |   1302 |   3 |  783.7 |
               +--------+--------+--------+--------+--------+-----+--------+

Top non-repeatable levels by time:
     D:1: 1607 daAuts
     D:2: 742 daAuts
     D:3: 1 daAuts
